 Dungeon Crawl Stone Soup version 0.28-a0-1506-g3893175d92 (webtiles) character file.

Game seed: 15910156136077997050

167750 shadowrider38 the Tortoise (level 17, 0/115 HPs)
             Began as a Gargoyle Fire Elementalist on Jan 13, 2022.
             Was a High Priest of Vehumet.
             Slain by a naga warrior (25 damage)
             ... on level 2 of the Snake Pit on Jan 14, 2022.
             The game lasted 02:40:46 (55115 turns).

shadowrider38 the Tortoise (GrFE)                  Turns: 55115, Time: 02:40:47

Health: 0/115      AC: 44    Str: 10    XL:     17   Next: 93%
Magic:  35/38      EV:  6    Int: 28    God:    Vehumet [*****.]
Gold:   1242       SH: 10    Dex: 10    Spells: 11/32 levels left

rFire   + + +      SeeInvis +   b - +10 war axe of Gekiogo {flame, rF+++ MP+9 Str-4 SInv}
rCold   + . .      Faith    .   c - +0 buckler
rNeg    + . .      Spirit   .   n - +6 scale mail of Elyvilon's Supremacy {rC+}
rPois   ∞          Reflect  +   j - +2 helmet
rElec   +          Harm     .   T - +2 cloak
rCorr   .          Rampage  .   Z - +2 pair of gloves
Will    +....      NoTele   +   h - +2 pair of boots
Stlth   ..........              v - amulet of reflection
HPRegen 0.29/turn               J - ring of wizardry
MPRegen 0.26/turn               N - +6 ring of intelligence

@: untranslocatable, flying, slowed, constricted, very slow
A: sickness immunity, AC +12, big wings, negative energy resistance 1,
electricity resistance, torment resistance 1, petrification resistance
a: Renounce Religion


You were on level 2 of the Snake Pit.
You worshipped Vehumet.
Vehumet was extremely pleased with you.
You visited 6 branches of the dungeon, and saw 29 of its levels.
You also visited: Ossuary and Bailey.

You collected 2719 gold pieces.
You spent 1477 gold pieces at shops.

Inventory:

Hand Weapons
 a - the +10 broad axe "Nimnat" {venom, rElec Str+2}
   (You found it on level 8 of the Dungeon)

   It poisons the flesh of those it strikes.
   Str:       It affects your strength (+2).
   rElec:     It insulates you from electricity.
 b - the +10 war axe of Gekiogo (weapon) {flame, rF+++ MP+9 Str-4 SInv}
   (You acquired it on level 14 of the Dungeon)

   It burns those it strikes, dealing additional fire damage.
   Big, fiery blades are also staple armaments of hydra-hunters.
   Str:       It affects your strength (-4).
   rF:        It renders you almost immune to fire.
   MP:        It affects your magic capacity (+9).
   SInv:      It lets you see invisible.
Missiles
 e - 5 throwing nets
 k - 52 poisoned darts
 y - 27 javelins
 D - 4 curare-tipped darts
Armour
 c - a +0 buckler (worn)
 h - a +2 pair of boots (worn)
 j - a +2 helmet (worn)
 n - the +6 scale mail of Elyvilon's Supremacy (worn) {rC+}
   (You bought it in a shop on level 2 of the Orcish Mines)

   rC:        It protects you from cold.
 T - a +2 cloak (worn)
 Z - a +2 pair of gloves (worn)
Jewellery
 v - an amulet of reflection (around neck)
 E - an amulet of magic regeneration
 J - a ring of wizardry (left hand)
 K - a ring of magical power
 N - a +6 ring of intelligence (right hand)
 U - a ring of protection from fire
 V - the ring of Exhibitionism {AC+4 Dex+4}
   (You found it on level 8 of the Dungeon)

   [ring of protection]

   AC:        It affects your AC (+4).
   Dex:       It affects your dexterity (+4).
Wands
 f - a wand of polymorph (5)
 g - a wand of charming (6)
 i - a wand of mindburst (30)
 o - a wand of iceblast (15)
 q - a wand of paralysis (30)
 H - a wand of flame (79)
Scrolls
 l - a scroll of fear
 p - a scroll of holy word
 r - a scroll of blinking
 s - 7 scrolls of teleportation
 t - 3 scrolls of enchant armour
 z - 5 scrolls of immolation
 A - 8 scrolls of fog {unknown}
 B - a scroll of brand weapon
 C - a scroll of identify
 G - a scroll of summoning
 I - 2 scrolls of amnesia
 S - 3 scrolls of vulnerability
 W - 2 scrolls of enchant weapon
 Y - a scroll of magic mapping
Potions
 d - a potion of magic
 m - 2 potions of brilliance
 u - 7 potions of lignification
 w - 9 potions of curing
 x - 7 potions of might
 F - 3 potions of cancellation
 M - 4 potions of mutation
 O - 6 potions of heal wounds
 P - 6 potions of ambrosia
 R - a potion of invisibility
 X - 5 potions of attraction
Miscellaneous
 L - a tin of tremorstones (1/2)


   Skills:
 - Level 16.0 Fighting
 - Level 12.6 Axes
 - Level 17.0 Armour
 - Level 1.5 Dodging
 - Level 2.2 Stealth
 - Level 8.1 Shields
 - Level 8.0 Spellcasting
 - Level 13.0 Conjurations
 + Level 7.1 Fire Magic
 - Level 13.0 Earth Magic
 - Level 8.0 Evocations


You had 11 spell levels left.
You knew the following spells:

 Your Spells              Type           Power      Damage    Failure   Level
a - Foxfire               Conj/Fire      100%       2x1d9     1%          1
b - Scorch                Fire           100%       2d10      1%          2
c - Flame Wave            Conj/Fire      61%        2d10      1%          4
d - Stone Arrow           Conj/Erth      100%       3d13      1%          3
e - Fireball              Conj/Fire      30%        3d13      1%          5
f - Iron Shot             Conj/Erth      35%        9d7       1%          6

Your spell library contained the following spells:

 Spells                   Type           Power      Damage    Failure   Level
 Lee's Rapid Deconstruct  Erth           35%        3d19*     1%          5
 Magic Dart               Conj           100%       1d8       1%          1
 Searing Ray              Conj           100%       2d8       1%          2
 Static Discharge         Conj/Air       47%        N/A       1%          2
 Conjure Flame            Conj/Fire      61%        6-21      1%          3
 Inner Flame              Hex/Fire       31%        N/A       1%          3
 Fulminant Prism          Conj/Hex       23%        3d13      1%          4
 Sticky Flame             Conj/Fire      61%        2d8       1%          4
 Iskenderun's Battlesphe  Conj           71%        2d12      1%          5
 Poisonous Vapours        Pois/Air       22%        N/A       3%          2
 Animate Armour           Summ/Erth      94%        N/A       6%          4
 Animate Skeleton         Necr           22%        N/A       9%          1
 Apportation              Tloc           22%        N/A       9%          1
 Pain                     Necr           44%        1d6       9%          1
 Slow                     Hex            44%        N/A       9%          1
 Summon Small Mammal      Summ           44%        N/A       9%          1
 Blink                    Tloc           22%        N/A       12%         2
 Corpse Rot               Necr/Air       22%        N/A       12%         2
 Wereblood                Tmut           11%        N/A       12%         2
 Borgnjor's Vile Clutch   Necr/Erth      23%        N/A       16%         5
 Olgreb's Toxic Radiance  Pois           11%        N/A       21%         4
 Call Canine Familiar     Summ           11%        N/A       24%         3
 Confusing Touch          Hex            11%        N/A       24%         3
 Summon Guardian Golem    Hex/Summ       11%        N/A       24%         3
 Vampiric Draining        Necr           11%        2d6       24%         3
 Lehudib's Crystal Spear  Conj/Erth      35%        10d9      50%         8
 Animate Dead             Necr           5%         N/A       58%         4
 Dispel Undead            Necr           11%        3d9       58%         4
 Passage of Golubria      Tloc           11%        N/A       58%         4
 Spellforged Servitor     Conj/Summ      23%        N/A       69%         7
 Alistair's Intoxication  Tmut/Pois      7%         N/A       89%         5
 Manifold Assault         Tloc           11%        N/A       89%         5
 Silence                  Hex/Air        5%         N/A       89%         5
 Eringya's Noxious Bog    Tmut/Pois      5%         N/A       91%         6
 Ignition                 Fire           25%        3d9       99%         8
 Death Channel            Necr           5%         N/A       100%        6
 Dispersal                Tloc           5%         N/A       100%        6
 Haunt                    Necr/Summ      5%         N/A       100%        7
 Ozocubu's Refrigeration  Ice            5%         4d6       100%        7
 Storm Form               Tmut/Air       5%         N/A       100%        7
 Summon Hydra             Summ           5%         N/A       100%        7
 Disjunction              Tloc           5%         N/A       100%        8
 Infestation              Necr           5%         N/A       100%        8
 Sublimation of Blood     Necr           Unusable   N/A       N/A         2

Dungeon Overview and Level Annotations

Branches:
Dungeon (15/15)            Temple (1/1) D:5            Lair (6/6) D:9
 Shoals (3/4) Lair:4        Snake (2/4) Lair:4        Slime (0/5) Lair:5
    Orc (2/2) D:10            Elf (0/3) Orc:2        Vaults (0/5) D:13
 Depths (0/4) D:15        Ossuary (visited)          Bailey (visited)

Altars:
Ashenzari
Cheibriados
Dithmenos
Elyvilon
Gozag
Hepliaklqana
Kikubaaqudgha
Makhleb
Nemelex Xobeh
Okawaru
Qazlal
Ru
Sif Muna
Trog
Uskayaw
Vehumet
Wu Jian
Xom
Yredelemnul
Zin
The Shining One
Jiyva

Shops:
D:1 *   D:15 =*(!   Orc:2 *[:(   Shoals:1 (   Snake:1 :


Innate Abilities, Weirdness & Mutations

You are immune to sickness and miasma.
Your stone body is resilient. (AC +12)
You are immune to poison.
Your large and strong wings let you fly.
You resist negative energy. (rN+)
You are resistant to electric shocks. (rElec)
You are resistant to unholy torment.
You are immune to petrification.


Message History

Unknown command.
Unknown command.
Unknown command.
Okay, then.
Press: ? - help, v - describe, . - travel Some shallow water.
Unknown command.
Unknown command.
Unknown command.
Unknown command.
Okay, then.
The tremorstone explodes into fragments!
The burst of rock shards engulfs the nagaraja.
The burst of rock shards engulfs the nagaraja!
The burst of rock shards engulfs the guardian serpent!
The burst of rock shards engulfs the naga warrior.
The burst of rock shards engulfs you but does no damage.
The burst of rock shards engulfs the guardian serpent.
The burst of rock shards engulfs the nagaraja but does no damage.
The burst of rock shards engulfs the nagaraja!
The burst of rock shards engulfs the guardian serpent but does no damage.
The burst of rock shards engulfs you but does no damage.
The guardian serpent coils itself and waves its upper body at you.
The bolt of poison hits you but does no damage.
You resist.
The bolt of poison hits the guardian serpent!
You block the guardian serpent's attack.
The naga mage barely misses you. The naga mage constricts you.
The nagaraja spits poison at you.
The splash of poison hits you but does no damage.
You resist. The guardian serpent barely misses you.
The guardian serpent hits you! The naga mage spits poison at you.
The splash of poison hits you but does no damage.
You resist. The naga mage constricts you.
The nagaraja hits you but does no damage.
You block the naga warrior's attack. The nagaraja hits you with a +0 whip!!
* * * LOW HITPOINT WARNING * * *
The naga warrior hits you with a +0 long sword!!
You die...

....##......).### #...........#
#############...####...........#
. ....###......#.........# .
≈≈....###.÷..#######.#.#
.≈......####....# #.#.## #.
≈≈≈≈≈≈..........## #....# #.
.....≈≈..........# #.#..# #.
N.....≈NNN.......###N#..# #.
.....≈≈S@S..............# #.##
≈≈≈≈≈≈.NNN..)).......#.## ...#
.≈......#####....#.....# ...##
≈≈....### #............ ...^##
....## #...##.......
..#).#################..##...###.
..##......)..##...............# .
.. #####.............####....##
.. ##.#..#......## ##..##


You could see 2 naga warriors, 3 nagarajas, 2 guardian serpents and a naga mage
(fast, strong, catching breath).

Vanquished Creatures
  Rupert (Lair:6)
  A kraken (Shoals:2)
  Polyphemus (Shoals:2)
  An orc warlord (D:10)
  2 nagarajas (Snake:2)
  A very ugly thing (D:14)
  A stone giant (D:15)
  Azrael (D:13)
  Snorg (Lair:6)
  2 merfolk impalers (Shoals:2)
  2 fire dragons
  3 boulder beetles (D:14)
  Fannar (D:10)
  Harold (Lair:2)
  A salamander tyrant (Snake:2)
  4 naga warriors
  2 rakshasas
  2 catoblepae
  A merfolk avatar (Shoals:1)
  Erolcha (D:13)
  2 ogre magi (D:15)
  6 centaur warriors
  3 anacondas
  2 alligator snapping turtles
  A death knight (D:13)
  16 hydras
  Erica (D:8)
  2 satyrs
  13 two-headed ogres
  2 tengu warriors (D:15)
  7 death yaks
  4 orc high priests
  2 shock serpents (Snake:2)
  A naga sharpshooter (Snake:2)
  A fire crab (Lair:6)
  A skeletal warrior (D:13)
  12 sea snakes
  A salamander mystic (Snake:1)
  A swamp dragon (shapeshifter) (D:13)
  A lindwurm (Lair:6)
  Pikel (D:8)
  2 deep elf pyromancers (D:14)
  4 orc knights
  3 orc sorcerers
  8 harpies
  8 fauns
  6 salamanders
  16 ugly things
  19 manticores
  4 mana vipers
  Joseph (D:7)
  A moth of wrath (shapeshifter) (D:13)
  11 cyclopes
  A guardian serpent (Snake:2)
  10 black mambas
  3 merfolk sirens
  Maurice (D:9)
  8 elephants
  3 molten gargoyles (Lair:6)
  4 naga magi (Snake:2)
  3 water nymphs
  3 torpor snails
  Maggie (D:7)
  An unseen horror (shapeshifter) (D:13)
  2 gargoyles
  A cane toad (shapeshifter) (D:14)
  15 cane toads
  2 kobold demonologists
  7 komodo dragons
  Psyche (D:9)
  3 rime drakes
  2 efreet (D:8)
  4 freezing wraiths
  6 tengu conjurers
  A meliai (D:13)
  12 merfolk
  A queen bee (D:13)
  7 trolls
  A wind drake (Shoals:3)
  10 polar bears
  Prince Ribbit (D:8)
  A hornet (D:14)
  5 slime creatures (D:14)
  6 dream sheep
  27 blink frogs
  8 snapping turtles
  A centaur simulacrum (D:15)
  2 water elementals
  4 wraiths
  A yak (shapeshifter) (D:13)
  6 wyverns
  A shadow (D:12)
  43 yaks
  3 fire elementals
  Grum (D:8)
  7 basilisks
  2 steam dragons (Lair:6)
  7 vampire mosquitoes
  6 wargs
  4 nagas
  2 acid dragons
  5 hell hounds
  25 water moccasins
  A floating eye (shapeshifter) (D:8)
  32 orc warriors
  A meliai simulacrum (D:14)
  4 black bears
  A necrophage (D:6)
  14 wolves
  13 ogres
  22 centaurs
  A phantom (D:5)
  3 lemures
  2 elf zombies (Ossuary)
  4 kobold brigands
  18 bullfrogs
  A gnoll sergeant (D:10)
  4 scorpions
  2 water moccasin skeletons
  6 wights
  27 killer bees
  2 howler monkeys
  3 electric eels
  4 lava snakes (Lair:6)
  9 centaur zombies
  3 hounds
  4 centaur skeletons
  3 jellies
  16 orc priests
  A human zombie (Ossuary)
  4 iguanas
  17 orc wizards
  A hound zombie (Ossuary)
  3 mummies (Ossuary)
  6 gnolls
  9 adders
  A white imp (D:5)
  An ufetubus (D:6)
  An adder zombie (Ossuary)
  2 worms
  2 dart slugs
  77 orcs
  2 ball pythons
  4 bats
  2 endoplasms
  2 giant cockroaches
  11 goblins
  6 hobgoblins
  5 jackals
  31 kobolds
  A quokka (D:4)
  A frilled lizard (D:1)
  3 gnoll zombies (Ossuary)
  5 goblin zombies (Ossuary)
  2 hobgoblin zombies (Ossuary)
  2 jackal zombies (Ossuary)
  2 kobold zombies (Ossuary)
  An orc zombie (Ossuary)
  7 quokka zombies (Ossuary)
  2 rats
  4 rat zombies (Ossuary)
  5 tentacles (Shoals:2)
897 creatures vanquished.

Vanquished Creatures (collateral kills)
  A harpy (Shoals:3)
  A manticore (Shoals:3)
2 creatures vanquished.

Vanquished Creatures (others)
  A sea snake (shapeshifter) (D:8)
  A shadow (D:13)
  393 foxfires
  58 fungi
  96 plants
  5 tentacles (Shoals:2)
554 creatures vanquished.

Grand Total: 1453 creatures vanquished

Notes
Turn   | Place    | Note
-------+----------+-------------------------------------------
     0 | D:1      | shadowrider38 the Gargoyle Fire Elementalist began the
                  | quest for the Orb.
     0 | D:1      | Reached XP level 1. HP: 10/10 MP: 3/3
   410 | D:1      | Reached skill level 1 in Fighting
   448 | D:1      | Reached XP level 2. HP: 17/17 MP: 5/5
   621 | D:1      | Found Izxahaeq's Assorted Antiques.
   858 | D:1      | Learned a level 2 spell: Scorch
  1519 | D:2      | Reached XP level 3. HP: 22/22 MP: 2/6
  2216 | D:2      | Identified the +3 spear "Anagev" {vorpal, Fragile Will+
                  | Dex+2}
  2404 | D:3      | Reached XP level 4. HP: 29/29 MP: 5/7
  2774 | D:3      | Reached XP level 5. HP: 34/34 MP: 0/8
  4218 | D:4      | Reached XP level 6. HP: 38/39 MP: 6/9
  4294 | D:4      | Reached skill level 1 in Shields
  4414 | D:4      | Found a sand-covered staircase.
  4421 | D:4      | Noticed a wyvern
  4423 | Ossuary  | Entered an ossuary
  5124 | Ossuary  | Reached XP level 7. HP: 42/44 MP: 3/10
  5402 | D:4      | Killed a wyvern
  5403 | D:4      | Reached skill level 2 in Armour
  5827 | D:4      | Found a hazy altar of Hepliaklqana.
  5843 | D:4      | Reached skill level 3 in Armour
  5965 | D:4      | Identified the +1 robe "Ixkir" {-Tele rCorr Dex+4 Stlth+}
  6010 | D:4      | Found a sparkling altar of Nemelex Xobeh.
  6106 | D:4      | Reached XP level 8. HP: 48/48 MP: 0/12
  6415 | D:4      | Reached skill level 4 in Armour
  6690 | D:5      | Entered Level 5 of the Dungeon
  6766 | D:5      | Reached skill level 5 in Fire Magic
  6784 | D:5      | Reached skill level 5 in Conjurations
  7245 | D:5      | Found a staircase to the Ecumenical Temple.
  7273 | D:5      | Reached skill level 5 in Fighting
  7273 | D:5      | Reached skill level 1 in Evocations
  7382 | Temple   | Entered the Ecumenical Temple
  7443 | Temple   | Became a worshipper of Vehumet
  7762 | D:6      | Learned a level 4 spell: Flame Wave
  7840 | D:6      | Noticed a two-headed ogre
  8168 | D:5      | Killed a two-headed ogre
  8169 | D:5      | Reached XP level 9. HP: 38/54 MP: 6/15
  8360 | D:6      | Reached skill level 5 in Spellcasting
  8494 | D:6      | You fall into a shaft and drop 1 floor!
  8597 | D:7      | Noticed Maggie
  8610 | D:7      | Killed Maggie
  8879 | D:7      | Found a shimmering altar of Xom.
  9374 | D:7      | Reached * piety under Vehumet
  9374 | D:7      | Offered knowledge of Shock by Vehumet.
  9627 | D:7      | Reached XP level 10. HP: 61/61 MP: 13/17
  9632 | D:7      | Noticed a cyclops
  9732 | D:7      | Killed a cyclops
 10126 | D:8      | Noticed Pikel
 10231 | D:8      | Noticed Prince Ribbit
 10236 | D:8      | Killed Prince Ribbit
 10383 | D:8      | Noticed Joseph
 10500 | D:8      | Found a glowing silver altar of Zin.
 10660 | D:8      | Killed Pikel
 10672 | D:8      | Noticed Grum
 10949 | D:8      | Noticed Erica
 10954 | D:8      | Killed Erica
 10955 | D:8      | Reached skill level 10 in Fighting
 10955 | D:8      | Reached skill level 5 in Armour
 11384 | D:8      | Noticed a manticore
 11385 | D:8      | Found a runed translucent door.
 11387 | D:8      | Noticed a fire dragon
 11387 | D:8      | Noticed a rakshasa
 11618 | D:7      | Reached ** piety under Vehumet
 11618 | D:7      | Offered knowledge of Poisonous Vapours by Vehumet.
 11624 | D:7      | Killed Joseph
 11625 | D:7      | Reached skill level 6 in Armour
 11842 | D:8      | Killed Grum
 12068 | D:8      | Noticed a fire crab
 12070 | D:8      | Noticed an anaconda
 12148 | D:9      | Found a flagged portal.
 12175 | Bailey   | Entered a bailey
 12685 | Bailey   | Offered knowledge of Stone Arrow by Vehumet.
 12801 | Bailey   | Learned a level 3 spell: Stone Arrow
 12859 | Bailey   | Reached XP level 11. HP: 72/72 MP: 18/18
 13142 | Bailey   | Reached skill level 7 in Armour
 13719 | Bailey   | Reached skill level 8 in Armour
 14972 | D:9      | Found a staircase to the Lair.
 15094 | D:9      | Identified the ring of Doubt {rElec rPois rCorr Str+4
                  | Dex-3}
 15382 | D:9      | Reached *** piety under Vehumet
 15470 | D:9      | Noticed Maurice
 15541 | D:9      | Noticed Psyche
 15836 | D:9      | Killed Psyche
 16199 | D:9      | Killed Maurice
 16233 | D:10     | Entered Level 10 of the Dungeon
 16397 | D:10     | Offered knowledge of Ignite Poison by Vehumet.
 16463 | D:10     | Reached skill level 10 in Conjurations
 16579 | D:10     | Found a staircase to the Orcish Mines.
 17113 | D:10     | Found a hide-covered altar of Uskayaw.
 17315 | D:10     | Found an iron altar of Okawaru.
 17491 | D:10     | Found a shimmering blue altar of Sif Muna.
 17493 | D:10     | Found an opulent altar of Gozag.
 17848 | D:11     | Reached **** piety under Vehumet
 17943 | D:11     | Noticed a cyclops
 17946 | D:11     | Killed a cyclops
 18150 | D:11     | Found a stormy altar of Qazlal.
 18294 | D:11     | Noticed a two-headed ogre
 18303 | D:11     | Killed a two-headed ogre
 18787 | Lair:1   | Entered Level 1 of the Lair of Beasts
 19201 | D:9      | Offered knowledge of Fireball by Vehumet.
 19202 | D:9      | Reached XP level 12. HP: 75/77 MP: 6/19
 19358 | D:9      | Learned a level 5 spell: Fireball
 19568 | Lair:1   | Reached skill level 9 in Armour
 19610 | D:9      | Reached skill level 10 in Armour
 19886 | Lair:1   | Noticed a four-headed hydra
 19979 | Lair:1   | Killed a four-headed hydra
 19980 | Lair:1   | Reached skill level 11 in Armour
 20301 | Lair:1   | Reached skill level 12 in Armour
 20598 | Lair:1   | Reached skill level 13 in Armour
 21418 | Lair:2   | Reached skill level 14 in Armour
 21897 | Lair:2   | Reached skill level 15 in Armour
 22078 | Lair:2   | Noticed Harold
 22084 | Lair:2   | Killed Harold
 22217 | Lair:2   | Reached ***** piety under Vehumet
 22217 | Lair:2   | Offered knowledge of Iron Shot by Vehumet.
 22218 | Lair:2   | Reached skill level 16 in Armour
 22598 | Lair:2   | Noticed a five-headed hydra
 22609 | Lair:2   | Killed a five-headed hydra
 22827 | Lair:2   | Reached XP level 13. HP: 82/82 MP: 20/20
 23387 | Lair:2   | Reached skill level 17 in Armour
 23410 | Lair:2   | Learned a level 6 spell: Iron Shot
 23754 | Lair:3   | Identified the +8 flail "Xorghesk" {freeze, rPois rF- Dex+4
                  | SInv}
 24833 | Lair:3   | Reached skill level 1 in Earth Magic
 25543 | Lair:4   | Reached skill level 5 in Earth Magic
 25589 | Lair:4   | Found a staircase to the Snake Pit.
 25831 | Lair:4   | Found a staircase to the Shoals.
 27046 | Lair:5   | Found a viscous altar of Jiyva.
 27047 | Lair:5   | Found a staircase to the Slime Pits.
 27094 | Lair:5   | Gained mutation: Your large and strong wings let you fly.
                  | [Gargoyle growth]
 27094 | Lair:5   | Reached XP level 14. HP: 88/88 MP: 26/26
 27254 | Lair:5   | Identified the +2 robe "Zemec" {rPois}
 27334 | Lair:6   | Entered Level 6 of the Lair of Beasts
 27719 | Lair:6   | Reached skill level 10 in Earth Magic
 27920 | Lair:5   | Reached skill level 5 in Shields
 28332 | Lair:6   | Noticed Snorg
 28339 | Lair:6   | Killed Snorg
 28929 | Lair:6   | Offered knowledge of Olgreb's Toxic Radiance by Vehumet.
 29104 | Lair:6   | Found a large runed translucent door.
 29104 | Lair:6   | Found a large runed translucent door.
 29794 | Lair:6   | Reached skill level 5 in Evocations
 30183 | Lair:6   | Noticed Rupert
 30209 | Lair:6   | Paralysed by Rupert for 3 turns
 30409 | Lair:6   | Killed Rupert
 31691 | D:1      | Bought a potion of heal wounds for 100 gold pieces
 31900 | Orc:1    | Entered Level 1 of the Orcish Mines
 31972 | Orc:1    | Noticed Fannar
 32153 | Orc:2    | Entered Level 2 of the Orcish Mines
 32153 | Orc:2    | Found Ziurobol's Book Shoppe.
 32153 | Orc:2    | Found a staircase to the Elven Halls.
 33168 | Orc:1    | Reached XP level 15. HP: 67/92 MP: 26/27
 33275 | Orc:2    | Noticed an orc warlord
 33815 | D:10     | Killed Fannar
 34917 | Orc:2    | Offered knowledge of Ozocubu's Refrigeration by Vehumet.
 35762 | Orc:2    | Found Weseff's Antique Armour Shop.
 35893 | Orc:2    | Found Usimaxu's Antique Weapon Emporium.
 36002 | Orc:2    | Found Nurr's General Store.
 36010 | Orc:2    | Bought a scroll of enchant armour for 120 gold pieces
 36421 | Orc:2    | Bought an ancient scale mail for 351 gold pieces
 36421 | Orc:2    | Identified the +6 scale mail of Elyvilon's Supremacy {rC+}
                  | (You bought it in a shop on level 2 of the Orcish Mines)
 36421 | Orc:2    | Bought a distressingly furry scale mail for 351 gold pieces
 36421 | Orc:2    | Identified the +0 scale mail "Cyhalam" {Fly rElec} (You
                  | bought it in a shop on level 2 of the Orcish Mines)
 36496 | D:10     | Killed an orc warlord
 37871 | D:13     | Noticed Azrael
 37877 | D:13     | Killed Azrael
 39377 | D:8      | Identified the ring of Exhibitionism {AC+4 Dex+4}
 39380 | D:8      | Identified the +6 falchion of Xedev {vamp, rC++ Str+6
                  | Int-5}
 39385 | D:8      | Identified the +10 broad axe "Nimnat" {venom, rElec Str+2}
 39975 | D:13     | Noticed Erolcha
 39989 | D:13     | Killed Erolcha
 40135 | D:13     | Found a gate to the Vaults.
 41282 | D:14     | Offered knowledge of Irradiate by Vehumet.
 41283 | D:14     | Reached skill level 1 in Axes
 41487 | D:14     | Reached XP level 16. HP: 104/104 MP: 20/28
 42283 | D:14     | Reached skill level 5 in Axes
 43404 | D:14     | Identified a scroll of acquirement
 43405 | D:14     | Acquired the +10 war axe of Gekiogo {flame, rF+++ MP+9
                  | Str-4 SInv}
 43646 | D:15     | Entered Level 15 of the Dungeon
 43646 | D:15     | Found Metiha's Jewellery Shoppe.
 43945 | D:15     | Found Boeger's General Store.
 43950 | D:15     | Bought a scroll of summoning for 152 gold pieces
 43950 | D:15     | Bought a potion of heal wounds for 80 gold pieces
 43969 | D:15     | Found Ymaittid's Antique Weapon Shoppe.
 44512 | D:15     | Offered knowledge of Starburst by Vehumet.
 44662 | D:15     | Found an opulent altar of Gozag.
 44687 | D:15     | Found a shimmering altar of Xom.
 44687 | D:15     | Found a sparkling altar of Nemelex Xobeh.
 44733 | D:15     | Found a hide-covered altar of Uskayaw.
 44733 | D:15     | Found a broken altar of Ashenzari.
 44733 | D:15     | Found a shimmering altar of Xom.
 44780 | D:15     | Found Nasorem's Distillery.
 44788 | D:15     | Bought a potion of might for 68 gold pieces
 44788 | D:15     | Bought a potion of heal wounds for 85 gold pieces
 44788 | D:15     | Bought a potion of heal wounds for 85 gold pieces
 44788 | D:15     | Bought a potion of heal wounds for 85 gold pieces
 45431 | D:15     | Found a staircase to the Depths.
 45581 | D:15     | Reached skill level 10 in Axes
 45863 | Shoals:1 | Entered Level 1 of the Shoals
 47142 | Shoals:1 | Found Zuott's Antique Weapon Emporium.
 47522 | Shoals:1 | Reached XP level 17. HP: 101/108 MP: 29/29
 47762 | Shoals:2 | Noticed Polyphemus
 47762 | Shoals:2 | You are sucked into a shaft and drop 1 floor!
 48624 | Shoals:2 | Offered knowledge of Lee's Rapid Deconstruction by Vehumet.
 49112 | Shoals:2 | Noticed a kraken
 49690 | Shoals:2 | Killed Polyphemus
 50023 | Shoals:2 | Killed a kraken
 51362 | Snake:1  | Entered Level 1 of the Snake Pit
 51740 | Snake:1  | Found Cufomosk's Self-Improvement Boutique.
 52329 | Snake:1  | You are sucked into a shaft and drop 1 floor!
 53134 | Snake:2  | Reached skill level 15 in Fighting
 55115 | Snake:2  | Slain by a naga warrior

Illustrated notes

Levels and vault maps discovered:
D:1:      dpeg_arrival_rooms_b, layout_loops_corners, serial_shops, shop
D:2:      layout_basic
D:3:      layout_loops_corners
D:4:      layout_layer_cave, mainiacjoe_overflow_catch_the_wave,
          enter_ossuary_1, sigmund_army
D:5:      layout_basic, minmay_temple_entry_glassed_door
D:6:      layout_rooms
D:7:      layout_cave_pools, lemuel_crystal_altar, nrook_uturn, st_stairs_13,
          uniq_maggie
D:8:      minmay_gate_of_8, layout_cave_pools, mainiacjoe_overflow_24_doors,
          chequers_serial_rivers_large_a, minmay_misc_feat_tiny,
          grunt_decor_arrowhead, uniq_grum, uniq_prince_ribbit1, uniq_joseph,
          uniq_erica, uniq_pikel
D:9:      layout_basic, lair_entry_dummy, enter_bailey_5, uniq_maurice,
          uniq_psyche
D:10:     layout_gridville, nicolae_overflow_hidden_temple,
          nicolae_uskayaw_suspiria, david_orc_1_choice,
          kennysheep_generic_room_4
D:11:     layout_basic, grunt_qazlal_clouds
D:12:     layout_cave_pods
D:13:     layout_roguey, david_vaults_2, special_room [special_room_bee],
          uniq_erolcha, uniq_azrael
D:14:     hangedman_cross_cluster, layout_basic, serial_bayou_pond_c,
          serial_curves, eino_curves_02, eino_curves_01, eino_curves_03
D:15:     grunt_enter_depths_snipers, layout_rooms, serial_shops, shop,
          nicolae_shop_hallway_stairs, nicolae_lakefront_shop, shop_fountains,
          wad_floor_pattern_untrapped, serial_co_window_serial,
          co_window_paths_a, co_window_paths_a, co_window_paths_b,
          co_window_paths_b, co_window_cross_1, co_window_paths_b,
          co_window_paths_a, co_window_corner_a, co_window_of_opportunity_a,
          co_window_2corner, co_window_unsneaky_path_e, co_window_corner_cb,
          co_window_corner_b, co_window_paths_e, doesnt_xom_only_xom
Temple:   nicolae_temple_god_jail
Lair:1:   beast_lair_carwin_large_2, layout_big_grid, grunt_megastairs_4
Lair:2:   layout_cave_pods, fungi_pond_lemuel, minivault_27,
          serial_bayou_ford_a, uniq_harold
Lair:3:   layout_regular_city, serial_bayou_shore_b, grunt_megastairs_3
Lair:4:   layout_cave_shapes, shoals_dummy_entry,
          minmay_snake_entry_six_corridors, st_stairs_11
Lair:5:   layout_regular_city, slime_altar_1
Lair:6:   cheibrodos_lair_end_hotspot, layout_regular_city, uniq_rupert,
          uniq_snorg
Shoals:1: layout_shoals, serial_shops, shop_fountains
Shoals:2: layout_shoals, uniq_polyphemus
Shoals:3: layout_shoals
Snake:1:  layout_chambers, nicolae_shop_self_help, lemuel_fruit_tree
Snake:2:  nicolae_cobra_stairs, layout_basic, nicolae_snake_gridmaze_waves,
          serial_bayou_shore_b
Orc:1:    layout_caves, uniq_fannar
Orc:2:    grunt_orc_gardens, layout_diamond_mine, grunt_orc_garden,
          grunt_orc_garden, grunt_orc_garden, grunt_orc_garden

Skill      XL: |  1  2  3  4  5  6  7  8  9 10 11 12 13 14 15 16 17 |
---------------+----------------------------------------------------+-----
Fighting       | 1 2 3 4 5 6 10 13 16 | 16.0
Fire Magic     | 4 6 7 |  7.1
Conjurations   | 3 4 6 7 8 12 13 | 13.0
Shields        | 4 8 |  8.1
Spellcasting   | 3 4 5 8 |  8.0
Armour         | 3 4 6 8 16 17 | 17.0
Evocations     | 3 7 8 |  8.0
Earth Magic    | 8 10 13 | 13.0
Axes           | 3 11 12 | 12.6
Dodging        | |  1.5
Stealth        | |  2.2

Action                   |  1- 3 |  4- 6 |  7- 9 | 10-12 | 13-15 | 16-18 || total
-------------------------+-------+-------+-------+-------+-------+-------++-------
Melee: Rapier            |    25 |       |       |       |       |       ||    25
       Whip              |     9 |       |       |       |       |       ||     9
       Spear             |     3 |   134 |   120 |   378 |    67 |       ||   702
       Flail             |       |       |       |       |   302 |       ||   302
       Broad axe         |       |       |       |       |    92 |    83 ||   175
       War axe           |       |       |       |       |       |   329 ||   329
Throw: Dart              |       |       |     1 |     2 |     6 |       ||     9
       Throwing net      |       |       |       |       |     2 |       ||     2
 Cast: Foxfire           |    27 |    63 |    72 |    61 |       |     1 ||   224
       Scorch            |     3 |    14 |    79 |    42 |       |       ||   138
       Flame Wave        |       |       |       |     6 |       |       ||     6
       Stone Arrow       |       |       |       |   219 |   178 |       ||   397
       Fireball          |       |       |       |    73 |   231 |    39 ||   343
       Iron Shot         |       |       |       |       |   167 |   274 ||   441
Evoke: Tin of tremorston |       |       |       |       |     1 |     1 ||     2
       Wand              |       |       |       |       |     1 |       ||     1
  Use: Scroll            |       |       |     6 |    15 |    15 |     8 ||    44
       Potion            |       |       |       |       |     2 |     2 ||     4
 Stab: Sleeping          |     3 |     3 |       |     1 |       |       ||     7
       Distracted        |       |       |       |     2 |       |       ||     2
Armor: Robe              |    10 |     1 |       |       |       |       ||    11
       Leather armour    |       |    53 |    74 |       |       |       ||   127
       Acid dragon scale |       |       |    19 |   329 |   290 |       ||   638
       Fire dragon scale |       |       |       |       |   101 |       ||   101
       Scale mail        |       |       |       |       |   272 |   430 ||   702
Dodge: Dodged            |    30 |    61 |    88 |   300 |   446 |   204 ||  1129
Block: Buckler           |       |    15 |    54 |   231 |   286 |   325 ||   911
       Reflection        |       |       |       |     5 |     2 |    29 ||    36

Table legend: (Time is in decaauts)
 A = Elapsed time spent in this place.
 B = Non-inter-level travel time spent in this place.
 C = Inter-level travel time spent in this place.
 D = Time resting spent in this place.
 E = Time spent auto-exploring this place.
 F = Levels seen in this place.
 G = Mean time per level.
                   A        B        C        D        E       F      G
               +--------+--------+--------+--------+--------+-----+--------+
         Total |  55621 |  51444 |   4177 |  22987 |  18240 |  31 | 1794.2 |
       Dungeon |  27953 |  24926 |   3027 |  10446 |   9456 |  15 | 1863.5 |
        Temple |     74 |     41 |     33 |      0 |     29 |   1 |   74.0 |
          Lair |  12043 |  11242 |    801 |   4761 |   3941 |   6 | 2007.2 |
        Shoals |   5454 |   5256 |    198 |   2834 |   1799 |   3 | 1818.0 |
     Snake Pit |   3757 |   3734 |     23 |   2061 |   1320 |   2 | 1878.5 |
  Orcish Mines |   2544 |   2450 |     94 |   1315 |    613 |   2 | 1272.0 |
       Ossuary |    979 |    979 |      0 |    498 |    194 |   1 |  979.0 |
        Bailey |   2814 |   2814 |      0 |   1072 |    887 |   1 | 2814.0 |
               +--------+--------+--------+--------+--------+-----+--------+

Top non-repeatable levels by time:
    D:10: 3926 daAuts
  Lair:6: 2903 daAuts
    D:14: 2899 daAuts
  Bailey: 2814 daAuts
  Lair:2: 2538 daAuts
     D:9: 2344 daAuts
     D:8: 2132 daAuts
Shoals:2: 2102 daAuts
  Lair:1: 2082 daAuts
 Snake:1: 1987 daAuts
    D:13: 1923 daAuts
Shoals:1: 1916 daAuts
  Lair:5: 1821 daAuts
     D:7: 1784 daAuts
 Snake:2: 1770 daAuts
